 Dungeon Crawl Stone Soup version 0.25.1-2-g60ff931df9 (webtiles) character file.

Game seed: 7655650608067279694

268 raphialitos the Conjurer (level 6, -13/38 HPs)
             Began as an Octopode Conjurer on Oct 23, 2020.
             Mangled by Blork the orc
             ... wielding a +0 halberd
              (14 damage)
             ... on level 4 of the Dungeon on Oct 25, 2020.
             The game lasted 00:22:20 (4343 turns).

raphialitos the Conjurer (Octopode Conjurer)        Turns: 4343, Time: 00:22:21

Health: -13/38     AC: -3    Str:  7    XL:     6   Next: 21%
Magic:  2/10       EV: 14    Int: 19    God:
Gold:   221        SH:  0    Dex: 13    Spells: 1/11 levels left

rFire    . . .     SeeInvis .   i - +3 dagger
rCold    . . .     Gourm    .   (no shield)
rNeg     . . .     Faith    +   (helmet restricted)
rPois    .         Spirit   .   h - amulet of faith
rElec    .         Reflect  .   f - -4 ring of protection (curse)
rCorr    .         Harm     .   (no ring)
MR       .....                  (no ring)
Stlth    +++.......             (no ring)
HPRegen  0.12/turn              (no ring)
MPRegen  0.12/turn              (no ring)
                                (no ring)
                                (no ring)

@: very slightly contaminated
A: almost no armour, stealthy swim, amphibious, 8 rings, constrict 8, camouflage
1, gelatinous body 1
a: no special abilities


You were on level 4 of the Dungeon.
You were hungry.

You visited 1 branch of the dungeon, and saw 4 of its levels.

You collected 221 gold pieces.

Inventory:

Hand Weapons
 a - a +2 club
 i - a +3 dagger (weapon)
 m - a +1 hand axe of flaming
Missiles
 j - 10 poisoned darts (quivered)
 q - 10 bolts
Jewellery
 f - a cursed -4 ring of protection (left tentacle)
 h - an amulet of faith (around mantle)
Wands
 s - a wand of random effects (9)
Scrolls
 e - 4 scrolls of identify
 r - 3 scrolls of enchant armour
Potions
 c - a potion of ambrosia {unknown}
 d - a potion of cancellation {unknown}
 g - 2 potions of curing
 k - a potion of heal wounds {unknown}
 l - 2 potions of haste {unknown}
 n - a potion of might {unknown}
 o - a potion of brilliance {unknown}
 p - a potion of stabbing {unknown}
Comestibles
 b - 5 rations


   Skills:
 + Level 1.0 Fighting
 + Level 1.6 Short Blades
 + Level 2.6 Dodging
 + Level 4.0 Stealth
 + Level 3.1 Spellcasting
 + Level 5.6 Conjurations


You had one spell level left.
You knew the following spells:

 Your Spells              Type           Power        Failure   Level  Hunger
a - Magic Dart            Conj           ###.         1%          1    None
b - Searing Ray           Conj           ###...       2%          2    ##.....
c - Dazzling Flash        Conj/Hex       ##....       14%         3    ###....
d - Fulminant Prism       Conj/Hex       ##........   43%         4    ####...

Your spell library contained the following spells:

 Spells                   Type           Power        Failure   Level  Hunger
 Iskenderun's Mystic Bla  Conj/Tloc      ##......     43%         4    ####...


Dungeon Overview and Level Annotations

Branches:
Dungeon (4/15)
 Temple: D:4-7

Altars:
Sif Muna

Annotations:
D:4 Blork the orc


Innate Abilities, Weirdness & Mutations

You cannot wear most types of armour.
You are very stealthy in the water. (Stealth+)
You are amphibious.
You can wear up to eight rings at the same time.
You can use your tentacles to constrict eight enemies at once.
Your skin changes colour to match your surroundings (Stealth+).
Your rubbery body absorbs attacks. (AC +1, EV +1)


Message History

Something hits you!
A puff of frost appears from out of thin air!
The puff of frost hits you!
Casting: Searing Ray (safe; 2% risk of failure)
Confirm with . or Enter, or press ? or * to list all spells.
You can't see any susceptible monsters within range! (Use Z to cast anyway.)
A magic dart appears from out of thin air!
The magic dart hits you!
* * * LOW HITPOINT WARNING * * *
You feel better.
Casting: Searing Ray (safe; 2% risk of failure)
Confirm with . or Enter, or press ? or * to list all spells.
You don't have enough magic to cast that spell.
Something hits you!
* * * LOW HITPOINT WARNING * * *
Something closely misses you.
You feel better. Something hits you!
* * * LOW HITPOINT WARNING * * *
Something hits you!
You die...

.# #...# #.# #...#
##### #.#
#...###.## ..>.#
#.# #.........
###.# #.#
#..####... # #.#
#.# #..# # #
#.#####.####..# #
#..>..........####
#
#######.#####.@..#
## #.# ####.#
.##### #.# #.#
.....# #.# #.#
.###.## #.# #.#
###...###.# #.#
.....)....# #.#
###...##### #.# #
##.## #.#


There were no monsters in sight!

Vanquished Creatures
  2 orc wizards (D:3)
  Robin (D:2)
  8 adders
  An ooze (D:2)
  5 worms
  3 dart slugs
  2 leopard geckos
  14 orcs (D:3)
  A ball python (D:1)
  8 bats
  2 giant cockroaches (D:3)
  10 goblins
  11 hobgoblins
  4 jackals (D:1)
  9 kobolds
  2 frilled lizards
  6 rats
89 creatures vanquished.

Vanquished Creatures (others)
  2 fulminant prisms
2 creatures vanquished.

Grand Total: 91 creatures vanquished

Notes
Turn   | Place    | Note
-------+----------+-------------------------------------------
     0 | D:1      | raphialitos the Octopode Conjurer began the quest for the
                  | Orb.
     0 | D:1      | Reached XP level 1. HP: 11/11 MP: 3/3
   204 | D:1      | You fall into a shaft and drop 1 floor!
   264 | D:2      | Reached XP level 2. HP: 17/17 MP: 0/5
   268 | D:2      | Learned a level 2 spell: Searing Ray
   452 | D:2      | Noticed Robin
   458 | D:2      | Killed Robin
   458 | D:2      | Reached XP level 3. HP: 19/21 MP: 1/6
   910 | D:2      | Reached skill level 5 in Conjurations
   910 | D:2      | Reached XP level 4. HP: 18/27 MP: 4/7
  1007 | D:2      | Learned a level 3 spell: Dazzling Flash
  2361 | D:3      | Reached skill level 1 in Short Blades
  2361 | D:3      | Reached XP level 5. HP: 31/31 MP: 1/8
  3352 | D:3      | Reached XP level 6. HP: 32/36 MP: 6/10
  3358 | D:3      | Learned a level 4 spell: Fulminant Prism
  3616 | D:3      | Found a shimmering blue altar of Sif Muna.
  4134 | D:4      | Reached skill level 1 in Fighting
  4324 | D:4      | Noticed Blork the orc
  4343 | D:4      | HP: 1/38 [something (12)]
  4343 | D:4      | Mangled by Blork the orc

Illustrated notes

Levels and vault maps discovered:
D:1:      lightli_molten_gateway, layout_basic, fountainhead, chequers_jeans
D:2:      layout_loops_ring, uniq_robin
D:3:      layout_loops_corners, old_standard_altar
D:4:      layout_loops_ring, minmay_temple_entry_enclosed_plants,
          ebering_ghost_disaster_area, serial_shops, shop, first_ration,
          uniq_blork_the_orc, uniq_eustachio, uniq_duvessa

Skill      XL: |  1  2  3  4  5  6 |
---------------+-------------------+-----
Stealth        | 3 4 |  4.0
Conjurations   | 5 |  5.6
Short Blades   | 1 |  1.6
Spellcasting   | 3 |  3.1
Fighting       | 1 |  1.0
Dodging        | |  2.6

Action                   |  1- 3 |  4- 6 || total
-------------------------+-------+-------++-------
Melee: Dagger            |    20 |    53 ||    73
       Constrict         |     4 |    11 ||    15
       Tentacles         |     2 |    12 ||    14
       Unarmed           |     1 |       ||     1
 Cast: Magic Dart        |    35 |    71 ||   106
       Searing Ray       |     2 |    12 ||    14
       Fulminant Prism   |       |     2 ||     2
  Use: Scroll            |       |     3 ||     3
       Potion            |       |     2 ||     2
 Stab: Sleeping          |     2 |     5 ||     7
  Eat: Chunk             |       |    12 ||    12
Dodge: Dodged            |    11 |    35 ||    46
